[ PARTIDA AOE2 · #478147544 ]
UnrankedTeutones vs Huns
[ ANÁLISIS DE REPETICIÓN · EXTRAÍDO DE LA PARTIDA GRABADA ]
Feudal
14:11
Castillos
45:59
Imperial
58:05
| APM promedio | 28.1 |
| APM pico | 114 |
| eAPM promedio | 17.5 |
| Aldeanos / militares | 149 / 137 |
Foco
⚔️ 35.6% · 🌾 64.4%
Spearman ×128 · Teutonic Knight ×9
Feudal
15:23
Castillos
20:08
Imperial
40:24
| APM promedio | 23.8 |
| APM pico | 48 |
| eAPM promedio | 14.6 |
| Aldeanos / militares | 155 / 252 |
Foco
⚔️ 23.9% · 🌾 76.1%
Spearman ×160 · Knight ×55 · Genitour ×24 · Trebuchet (Packed) ×12 · Skirmisher ×1
Feudal
13:07
Castillos
25:02
Imperial
45:33
| APM promedio | 31.5 |
| APM pico | 81 |
| eAPM promedio | 19.9 |
| Aldeanos / militares | 278 / 481 |
Foco
⚔️ 30.4% · 🌾 69.6%
Knight ×414 · Scout Cavalry ×67
Feudal
14:27
Castillos
17:54
Imperial
42:49
| APM promedio | 44.9 |
| APM pico | 84 |
| eAPM promedio | 22.9 |
| Aldeanos / militares | 150 / 78 |
Foco
⚔️ 41.9% · 🌾 58.1%
Unknown (1944) ×227 · Spearman ×72 · Unknown (1942) ×9 · Scorpion ×3 · Petard ×1 · Mangonel ×1
Feudal
12:48
Castillos
18:28
Imperial
57:07
| APM promedio | 24.8 |
| APM pico | 57 |
| eAPM promedio | 13.2 |
| Aldeanos / militares | 115 / 148 |
Foco
⚔️ 40.2% · 🌾 59.8%
Cavalry Archer ×136 · Battering Ram ×8 · Mangudai ×4
Feudal
14:40
Castillos
19:00
Imperial
44:36
| APM promedio | 42.3 |
| APM pico | 74 |
| eAPM promedio | 22.5 |
| Aldeanos / militares | 172 / 389 |
Foco
⚔️ 33.9% · 🌾 66.1%
Knight ×267 · Genitour ×102 · Trebuchet (Packed) ×12 · Spearman ×3 · Monk ×2 · Scout Cavalry ×2
Feudal
15:16
Castillos
20:33
Imperial
—
| APM promedio | 36.1 |
| APM pico | 84 |
| eAPM promedio | 22.9 |
| Aldeanos / militares | 268 / 123 |
Foco
⚔️ 39.4% · 🌾 60.6%
Longbowman ×83 · Archer ×17 · Monk ×13 · Spearman ×10
Feudal
12:30
Castillos
24:46
Imperial
43:25
| APM promedio | 34.5 |
| APM pico | 77 |
| eAPM promedio | 20.5 |
| Aldeanos / militares | 215 / 265 |
Foco
⚔️ 31.7% · 🌾 68.3%
Battle Elephant ×229 · Scout Cavalry ×12 · Arambai ×8 · Battering Ram ×7 · Trebuchet (Packed) ×5 · Monk ×4
Mapa de la partida
Recursos iniciales + cada clic de construcción. Líneas = muros · curvas = relieve. ◆ oro · ⬟ piedra · ● bayas · ✦ reliquia · ◌ hueco del cierre
Tu base· Abierta — flanco sin cerrar
Base de 貓的貢丸· Abierta — hueco de 12t
Base de SunK· Abierta — flanco sin cerrar
Base de 37581246· Abierta — flanco sin cerrar
Base de Louisianamal· Abierta — flanco sin cerrar
Base de hailou hilou· Abierta — flanco sin cerrar
Base de Titan· Abierta — flanco sin cerrar
Base de bowyeh· Abierta — flanco sin cerrar
Terreno inicial suavizado · ◌ = hueco del cierre detectado · pasá el cursor para detalles
Inputs por minuto
— S.T.A.R.S. Wesker - - 貓的貢丸
Build order — S.T.A.R.S. Wesker
Primeras 150 de 458 acciones detectadas
| 1:24 | Construir | Town Center |
| 1:49 | Construir | House |
| 3:25 | Crear | Villager (Male) |
| 3:26 | Crear | Villager (Male) |
| 3:31 | Crear | Villager (Male) |
| 3:31 | Crear | Villager (Male) |
| 4:57 | Investigar | Loom |
| 5:10 | Crear | Villager (Male) |
| 5:21 | Construir | House |
| 6:11 | Crear | Villager (Male) |
| 6:11 | Crear | Villager (Male) |
| 6:11 | Crear | Villager (Male) |
| 6:12 | Crear | Villager (Male) |
| 6:12 | Crear | Villager (Male) |
| 6:50 | Crear | Villager (Male) |
| 6:50 | Crear | Villager (Male) |
| 6:50 | Crear | Villager (Male) |
| 7:33 | Crear | Villager (Male) |
| 7:57 | Construir | House |
| 8:05 | Crear | Villager (Male) |
| 8:06 | Crear | Villager (Male) |
| 8:06 | Crear | Villager (Male) |
| 8:07 | Crear | Villager (Male) |
| 8:24 | Crear | Villager (Male) |
| 8:25 | Crear | Villager (Male) |
| 8:56 | Crear | Villager (Male) |
| 8:56 | Crear | Villager (Male) |
| 9:02 | Construir | Lumber Camp |
| 9:11 | Construir | Lumber Camp |
| 9:17 | Crear | Villager (Male) |
| 9:17 | Crear | Villager (Male) |
| 9:49 | Construir | House |
| 11:09 | Crear | Villager (Male) |
| 11:36 | Construir | Mill |
| 11:42 | Crear | Villager (Male) |
| 12:00 | Investigar | Feudal Age |
| 12:01 | Investigar | Feudal Age |
| 12:20 | Construir | Palisade Wall |
| 12:36 | Crear | Villager (Male) |
| 12:41 | Construir | House |
| 12:49 | Construir | House |
| 13:28 | Construir | Palisade Wall |
| 14:02 | Construir | Palisade Wall |
| 14:11 | Edad | Edad Feudal |
| 14:12 | Crear | Villager (Male) |
| 14:17 | Construir | Watch Tower |
| 14:28 | Crear | Villager (Male) |
| 15:17 | Crear | Villager (Male) |
| 15:36 | Crear | Villager (Male) |
| 16:40 | Investigar | Wheelbarrow |
| 16:58 | Construir | Barracks |
| 17:10 | Construir | House |
| 17:29 | Crear | Villager (Male) |
| 17:40 | Crear | Spearman |
| 17:41 | Crear | Spearman |
| 17:52 | Construir | Watch Tower |
| 18:33 | Construir | Watch Tower |
| 18:36 | Crear | Spearman |
| 18:41 | Crear | Spearman |
| 18:42 | Crear | Spearman |
| 18:42 | Crear | Spearman |
| 18:42 | Crear | Spearman |
| 18:42 | Crear | Spearman |
| 18:46 | Crear | Villager (Male) |
| 18:46 | Crear | Villager (Male) |
| 18:50 | Crear | Spearman |
| 18:50 | Crear | Spearman |
| 18:59 | Construir | Watch Tower |
| 19:45 | Construir | Watch Tower |
| 19:54 | Construir | House |
| 20:23 | Construir | Watch Tower |
| 20:29 | Crear | Villager (Male) |
| 20:30 | Crear | Villager (Male) |
| 20:30 | Crear | Villager (Male) |
| 20:47 | Construir | Watch Tower |
| 21:35 | Crear | Villager (Male) |
| 21:35 | Crear | Villager (Male) |
| 21:36 | Crear | Villager (Male) |
| 21:36 | Crear | Villager (Male) |
| 21:36 | Crear | Villager (Male) |
| 22:43 | Crear | Spearman |
| 22:43 | Crear | Spearman |
| 22:43 | Crear | Spearman |
| 23:04 | Construir | Watch Tower |
| 23:24 | Construir | Watch Tower |
| 23:59 | Crear | Villager (Male) |
| 24:00 | Crear | Villager (Male) |
| 24:00 | Crear | Villager (Male) |
| 24:45 | Crear | Spearman |
| 24:46 | Crear | Spearman |
| 24:46 | Crear | Spearman |
| 25:14 | Construir | Farm |
| 25:16 | Construir | Farm |
| 26:00 | Crear | Villager (Male) |
| 26:00 | Crear | Villager (Male) |
| 26:00 | Crear | Villager (Male) |
| 26:21 | Crear | Villager (Male) |
| 26:21 | Crear | Villager (Male) |
| 26:28 | Construir | Farm |
| 27:30 | Crear | Villager (Male) |
| 27:30 | Crear | Villager (Male) |
| 27:31 | Crear | Villager (Male) |
| 27:31 | Crear | Villager (Male) |
| 28:33 | Construir | Watch Tower |
| 28:38 | Construir | Mining Camp |
| 28:53 | Crear | Spearman |
| 28:54 | Crear | Spearman |
| 28:54 | Crear | Spearman |
| 28:54 | Crear | Spearman |
| 28:54 | Crear | Spearman |
| 28:54 | Crear | Spearman |
| 28:55 | Crear | Spearman |
| 29:00 | Construir | Market |
| 29:03 | Construir | Blacksmith |
| 29:18 | Crear | Spearman |
| 29:18 | Crear | Spearman |
| 29:19 | Crear | Spearman |
| 29:46 | Construir | Watch Tower |
| 29:54 | Construir | Mining Camp |
| 30:13 | Construir | House |
| 30:35 | Construir | Mill |
| 30:40 | Construir | House |
| 34:53 | Construir | Watch Tower |
| 35:05 | Construir | House |
| 36:33 | Crear | Spearman |
| 36:34 | Crear | Spearman |
| 36:34 | Crear | Spearman |
| 38:13 | Construir | Town Center |
| 38:24 | Construir | Mining Camp |
| 38:26 | Construir | House |
| 39:32 | Crear | Villager (Male) |
| 39:33 | Crear | Villager (Male) |
| 39:33 | Crear | Villager (Male) |
| 39:33 | Crear | Villager (Male) |
| 39:33 | Crear | Villager (Male) |
| 39:34 | Crear | Villager (Male) |
| 39:34 | Crear | Villager (Male) |
| 40:34 | Construir | House |
| 40:35 | Construir | House |
| 40:36 | Construir | House |
| 40:43 | Construir | Farm |
| 40:44 | Construir | Farm |
| 40:45 | Construir | Farm |
| 40:46 | Construir | Farm |
| 40:51 | Crear | Villager (Male) |
| 40:52 | Crear | Villager (Male) |
| 40:52 | Crear | Villager (Male) |
| 40:53 | Crear | Villager (Male) |
| 40:53 | Crear | Villager (Male) |
| 41:27 | Construir | Farm |
Build order — 貓的貢丸
Primeras 150 de 480 acciones detectadas
| 1:33 | Construir | Town Center |
| 2:18 | Construir | House |
| 4:03 | Crear | Villager (Male) |
| 4:10 | Crear | Villager (Male) |
| 4:34 | Crear | Villager (Male) |
| 4:56 | Construir | Lumber Camp |
| 5:07 | Crear | Villager (Male) |
| 5:24 | Crear | Villager (Male) |
| 6:12 | Crear | Villager (Male) |
| 6:36 | Crear | Villager (Male) |
| 6:44 | Construir | House |
| 6:45 | Crear | Villager (Male) |
| 6:57 | Crear | Villager (Male) |
| 7:03 | Construir | House |
| 7:13 | Crear | Villager (Male) |
| 7:40 | Crear | Villager (Male) |
| 8:28 | Crear | Villager (Male) |
| 8:42 | Crear | Villager (Male) |
| 9:21 | Crear | Villager (Male) |
| 10:03 | Crear | Villager (Male) |
| 10:04 | Crear | Villager (Male) |
| 10:05 | Crear | Villager (Male) |
| 10:09 | Construir | House |
| 10:59 | Crear | Villager (Male) |
| 11:08 | Investigar | Loom |
| 12:04 | Crear | Villager (Male) |
| 12:07 | Crear | Villager (Male) |
| 12:14 | Construir | Mill |
| 12:31 | Construir | House |
| 12:31 | Construir | House |
| 12:43 | Crear | Villager (Male) |
| 13:19 | Investigar | Feudal Age |
| 13:43 | Construir | Farm |
| 13:51 | Construir | Farm |
| 13:52 | Construir | Farm |
| 14:30 | Crear | Villager (Male) |
| 15:23 | Edad | Edad Feudal |
| 15:31 | Crear | Villager (Male) |
| 15:31 | Crear | Villager (Male) |
| 16:34 | Crear | Villager (Male) |
| 16:38 | Construir | House |
| 16:44 | Construir | Blacksmith |
| 16:46 | Crear | Villager (Male) |
| 16:52 | Construir | Market |
| 16:58 | Crear | Villager (Male) |
| 17:14 | Construir | Lumber Camp |
| 17:37 | Investigar | Castle Age |
| 17:50 | Construir | Barracks |
| 17:59 | Construir | House |
| 18:00 | Construir | House |
| 18:01 | Construir | House |
| 18:08 | Investigar | Double-Bit Axe |
| 18:14 | Investigar | Horse Collar |
| 18:50 | Crear | Villager (Male) |
| 18:57 | Crear | Villager (Male) |
| 19:04 | Crear | Villager (Male) |
| 19:17 | Construir | Stable |
| 19:20 | Crear | Villager (Male) |
| 19:38 | Construir | Stable |
| 19:44 | Investigar | Scale Barding Armor |
| 20:08 | Edad | Edad de los Castillos |
| 20:31 | Construir | Town Center |
| 20:34 | Crear | Villager (Male) |
| 21:13 | Crear | Villager (Male) |
| 21:55 | Crear | Villager (Male) |
| 21:56 | Crear | Villager (Male) |
| 22:22 | Construir | Town Center |
| 22:24 | Crear | Villager (Male) |
| 22:32 | Crear | Villager (Male) |
| 22:48 | Crear | Villager (Male) |
| 23:14 | Crear | Knight |
| 23:25 | Crear | Villager (Male) |
| 23:47 | Crear | Villager (Male) |
| 24:00 | Crear | Knight |
| 24:16 | Crear | Villager (Male) |
| 24:17 | Crear | Villager (Male) |
| 24:18 | Crear | Villager (Male) |
| 24:51 | Investigar | Wheelbarrow |
| 24:52 | Crear | Villager (Male) |
| 25:10 | Investigar | Bloodlines |
| 25:11 | Investigar | Husbandry |
| 25:12 | Crear | Villager (Male) |
| 25:35 | Crear | Knight ×2 |
| 25:51 | Crear | Knight |
| 26:06 | Crear | Knight |
| 26:33 | Construir | Town Center |
| 26:42 | Crear | Villager (Male) |
| 27:02 | Investigar | Husbandry |
| 27:21 | Crear | Knight ×2 |
| 27:34 | Crear | Knight |
| 28:30 | Crear | Villager (Male) |
| 28:30 | Crear | Villager (Male) |
| 28:32 | Crear | Villager (Male) |
| 28:32 | Crear | Villager (Male) |
| 28:39 | Construir | Farm |
| 28:40 | Construir | Farm |
| 28:41 | Construir | Farm |
| 28:42 | Construir | Farm |
| 28:43 | Construir | Farm |
| 28:50 | Crear | Villager (Male) |
| 28:51 | Crear | Villager (Male) |
| 28:51 | Crear | Villager (Male) |
| 29:39 | Construir | Farm |
| 29:39 | Construir | Farm |
| 29:41 | Construir | Farm |
| 29:42 | Construir | Farm |
| 29:51 | Crear | Villager (Male) |
| 30:02 | Investigar | Forging |
| 30:30 | Crear | Villager (Male) |
| 30:36 | Construir | House |
| 30:40 | Crear | Villager (Male) |
| 30:46 | Crear | Villager (Male) |
| 30:55 | Construir | Castle |
| 31:00 | Crear | Villager (Male) |
| 31:06 | Construir | Farm |
| 31:08 | Crear | Villager (Male) |
| 31:09 | Crear | Villager (Male) |
| 31:14 | Crear | Villager (Male) |
| 31:14 | Crear | Villager (Male) |
| 32:00 | Crear | Villager (Male) |
| 32:03 | Investigar | Hand Cart |
| 32:26 | Construir | House |
| 32:26 | Construir | House |
| 32:27 | Construir | House |
| 32:29 | Construir | House |
| 32:31 | Crear | Villager (Male) |
| 32:42 | Crear | Villager (Male) |
| 32:42 | Crear | Villager (Male) |
| 32:44 | Crear | Villager (Male) |
| 32:44 | Crear | Villager (Male) |
| 33:25 | Investigar | Chain Barding Armor |
| 33:25 | Crear | Villager (Male) |
| 33:30 | Construir | House |
| 33:31 | Construir | House |
| 33:31 | Construir | House |
| 33:31 | Construir | House |
| 33:31 | Construir | House |
| 33:36 | Crear | Villager (Male) |
| 33:42 | Construir | Mining Camp |
| 33:44 | Crear | Villager (Male) |
| 33:44 | Crear | Villager (Male) |
| 34:01 | Crear | Villager (Male) |
| 34:01 | Crear | Villager (Male) |
| 34:07 | Construir | Farm |
| 34:08 | Construir | Farm |
| 34:09 | Construir | Farm |
| 34:13 | Crear | Villager (Male) |
| 34:13 | Crear | Villager (Male) |
| 34:18 | Crear | Villager (Male) |
| 34:19 | Crear | Villager (Male) |
Build order — SunK
Primeras 150 de 652 acciones detectadas
| 1:00 | Construir | Town Center |
| 3:02 | Crear | Villager (Male) |
| 3:02 | Crear | Villager (Male) |
| 3:02 | Crear | Villager (Male) |
| 3:57 | Crear | Villager (Male) |
| 3:57 | Crear | Villager (Male) |
| 3:57 | Crear | Villager (Male) |
| 3:57 | Crear | Villager (Male) |
| 4:25 | Crear | Villager (Male) |
| 4:25 | Crear | Villager (Male) |
| 4:57 | Crear | Villager (Male) |
| 4:57 | Crear | Villager (Male) |
| 4:57 | Crear | Villager (Male) |
| 4:57 | Crear | Villager (Male) |
| 5:05 | Construir | Palisade Wall |
| 5:06 | Construir | Palisade Wall |
| 5:11 | Crear | Villager (Male) |
| 5:11 | Crear | Villager (Male) |
| 5:11 | Crear | Villager (Male) |
| 5:17 | Construir | Palisade Wall |
| 5:19 | Construir | Palisade Wall |
| 5:52 | Crear | Villager (Male) |
| 5:52 | Crear | Villager (Male) |
| 5:52 | Crear | Villager (Male) |
| 6:02 | Construir | Palisade Wall |
| 6:21 | Crear | Villager (Male) |
| 6:21 | Crear | Villager (Male) |
| 6:25 | Construir | Lumber Camp |
| 6:55 | Crear | Villager (Male) |
| 6:55 | Crear | Villager (Male) |
| 7:24 | Crear | Villager (Male) |
| 7:25 | Crear | Villager (Male) |
| 7:55 | Crear | Villager (Male) |
| 8:11 | Crear | Villager (Male) |
| 8:43 | Crear | Villager (Male) |
| 9:07 | Crear | Villager (Male) |
| 9:22 | Crear | Villager (Male) |
| 9:34 | Construir | Mill |
| 9:52 | Crear | Villager (Male) |
| 10:20 | Investigar | Loom |
| 10:52 | Investigar | Feudal Age |
| 11:25 | Construir | Barracks |
| 12:10 | Construir | Barracks |
| 12:17 | Construir | Palisade Wall |
| 12:18 | Construir | Palisade Wall |
| 13:07 | Edad | Edad Feudal |
| 13:08 | Construir | Stable |
| 13:09 | Investigar | Double-Bit Axe |
| 13:10 | Crear | Villager (Male) |
| 13:13 | Investigar | Horse Collar |
| 13:17 | Crear | Villager (Male) |
| 13:34 | Construir | Palisade Wall |
| 13:35 | Construir | Palisade Wall |
| 13:42 | Construir | Watch Tower |
| 13:54 | Construir | Palisade Wall |
| 13:56 | Construir | Palisade Wall |
| 14:01 | Crear | Scout Cavalry |
| 14:01 | Crear | Scout Cavalry |
| 14:07 | Construir | Palisade Wall |
| 14:12 | Crear | Villager (Male) |
| 14:13 | Crear | Villager (Male) |
| 15:00 | Crear | Scout Cavalry |
| 15:00 | Crear | Scout Cavalry |
| 15:05 | Crear | Villager (Male) |
| 15:05 | Crear | Villager (Male) |
| 15:07 | Construir | Farm |
| 15:08 | Construir | Farm |
| 15:11 | Construir | Farm |
| 15:34 | Construir | Farm |
| 15:35 | Construir | Farm |
| 16:00 | Crear | Villager (Male) |
| 16:00 | Crear | Villager (Male) |
| 16:04 | Construir | Farm |
| 16:36 | Crear | Villager (Male) |
| 16:36 | Crear | Villager (Male) |
| 16:44 | Construir | Farm |
| 16:45 | Construir | Farm |
| 17:00 | Crear | Scout Cavalry |
| 17:00 | Crear | Scout Cavalry |
| 17:05 | Construir | Farm |
| 17:09 | Construir | Farm |
| 17:22 | Crear | Villager (Male) |
| 17:30 | Construir | Mill |
| 17:31 | Construir | Farm |
| 17:32 | Construir | Farm |
| 17:33 | Construir | Farm |
| 17:38 | Construir | Farm |
| 17:40 | Crear | Scout Cavalry |
| 18:02 | Crear | Villager (Male) |
| 18:06 | Construir | Farm |
| 18:10 | Construir | Farm |
| 18:27 | Crear | Villager (Male) |
| 18:35 | Crear | Villager (Male) |
| 18:40 | Construir | Farm |
| 18:44 | Construir | Farm |
| 19:08 | Construir | Farm |
| 19:27 | Crear | Villager (Male) |
| 19:28 | Crear | Villager (Male) |
| 19:55 | Crear | Villager (Male) |
| 21:00 | Construir | Farm |
| 21:01 | Construir | Farm |
| 21:07 | Crear | Villager (Male) |
| 21:07 | Crear | Villager (Male) |
| 21:24 | Crear | Villager (Male) |
| 21:34 | Construir | Market |
| 22:08 | Investigar | Castle Age |
| 22:17 | Construir | Lumber Camp |
| 25:02 | Edad | Edad de los Castillos |
| 25:18 | Construir | Town Center |
| 26:22 | Crear | Villager (Male) |
| 26:23 | Crear | Villager (Male) |
| 26:23 | Crear | Villager (Male) |
| 27:34 | Construir | Town Center |
| 27:36 | Crear | Villager (Male) |
| 27:36 | Crear | Villager (Male) |
| 27:36 | Crear | Villager (Male) |
| 27:49 | Construir | Town Center |
| 27:51 | Investigar | Bow Saw |
| 27:51 | Investigar | Heavy Plow |
| 29:10 | Investigar | Wheelbarrow |
| 29:12 | Crear | Villager (Male) |
| 29:12 | Crear | Villager (Male) |
| 29:12 | Crear | Villager (Male) |
| 29:16 | Construir | Farm |
| 29:16 | Construir | Farm |
| 29:16 | Construir | Farm |
| 29:16 | Construir | Farm |
| 29:16 | Construir | Farm |
| 29:17 | Construir | Farm |
| 29:17 | Construir | Farm |
| 29:17 | Construir | Farm |
| 29:17 | Construir | Farm |
| 29:49 | Crear | Villager (Male) |
| 29:49 | Crear | Villager (Male) |
| 29:49 | Crear | Villager (Male) |
| 29:49 | Crear | Villager (Male) |
| 29:49 | Crear | Villager (Male) |
| 29:56 | Construir | Farm |
| 29:57 | Construir | Farm |
| 29:59 | Construir | Farm |
| 30:01 | Construir | Farm |
| 30:06 | Construir | Farm |
| 30:08 | Construir | Farm |
| 30:11 | Crear | Villager (Male) |
| 30:11 | Crear | Villager (Male) |
| 30:11 | Crear | Villager (Male) |
| 30:11 | Crear | Villager (Male) |
| 30:11 | Crear | Villager (Male) |
| 30:11 | Crear | Villager (Male) |
| 30:28 | Crear | Villager (Male) |
Build order — 37581246
Primeras 150 de 618 acciones detectadas
| 0:09 | Construir | House |
| 0:29 | Construir | Town Center |
| 2:38 | Crear | Villager (Male) |
| 2:38 | Crear | Villager (Male) |
| 2:38 | Crear | Villager (Male) |
| 2:39 | Crear | Villager (Male) |
| 2:39 | Crear | Villager (Male) |
| 4:16 | Crear | Villager (Male) |
| 4:17 | Crear | Villager (Male) |
| 4:29 | Construir | Lumber Camp |
| 4:43 | Crear | Villager (Male) |
| 4:58 | Crear | Villager (Male) |
| 5:26 | Crear | Villager (Male) |
| 5:36 | Investigar | Loom |
| 5:38 | Construir | House |
| 5:39 | Construir | House |
| 5:45 | Crear | Villager (Male) |
| 6:02 | Crear | Villager (Male) |
| 6:26 | Crear | Villager (Male) |
| 6:26 | Crear | Villager (Male) |
| 6:27 | Crear | Villager (Male) |
| 6:55 | Crear | Villager (Male) |
| 7:29 | Crear | Villager (Male) |
| 7:29 | Crear | Villager (Male) |
| 7:43 | Crear | Villager (Male) |
| 7:44 | Crear | Villager (Male) |
| 8:00 | Crear | Villager (Male) |
| 8:39 | Construir | Mill |
| 9:38 | Crear | Villager (Male) |
| 9:42 | Crear | Villager (Male) |
| 9:46 | Construir | House |
| 9:47 | Construir | House |
| 10:37 | Crear | Villager (Male) |
| 10:38 | Crear | Villager (Male) |
| 10:41 | Construir | Mining Camp |
| 10:49 | Crear | Villager (Male) |
| 11:11 | Construir | House |
| 11:20 | Construir | House |
| 11:37 | Crear | Villager (Male) |
| 11:47 | Crear | Villager (Male) |
| 11:58 | Investigar | Feudal Age |
| 11:58 | Investigar | Feudal Age |
| 12:10 | Construir | House |
| 12:22 | Construir | House |
| 12:35 | Construir | Barracks |
| 12:38 | Construir | House |
| 14:04 | Crear | Villager (Male) |
| 14:27 | Edad | Edad Feudal |
| 14:30 | Construir | Stable |
| 14:33 | Construir | Blacksmith |
| 15:02 | Crear | Villager (Male) |
| 15:14 | Investigar | Castle Age |
| 15:14 | Investigar | Castle Age |
| 15:17 | Construir | Stable |
| 15:32 | Investigar | Double-Bit Axe |
| 15:58 | Investigar | Bloodlines |
| 16:14 | Construir | Mill |
| 16:38 | Construir | House |
| 16:40 | Construir | House |
| 16:42 | Construir | House |
| 16:43 | Construir | House |
| 17:05 | Investigar | Scale Barding Armor |
| 17:24 | Investigar | Horse Collar |
| 17:36 | Crear | Villager (Male) |
| 17:54 | Edad | Edad de los Castillos |
| 17:57 | Crear | Unit 1944 |
| 17:57 | Crear | Unit 1944 |
| 18:30 | Construir | Siege Workshop |
| 18:35 | Crear | Unit 1944 |
| 18:36 | Crear | Unit 1944 |
| 18:53 | Crear | Villager (Male) |
| 19:09 | Crear | Unit 1944 |
| 19:09 | Crear | Unit 1944 |
| 19:10 | Crear | Unit 1944 |
| 19:26 | Construir | Town Center |
| 19:44 | Crear | Villager (Male) |
| 19:46 | Crear | Unit 1944 |
| 19:46 | Crear | Unit 1944 |
| 20:19 | Crear | Unit 1944 |
| 20:37 | Crear | Battering Ram |
| 20:47 | Crear | Villager (Male) |
| 20:48 | Crear | Unit 1944 |
| 20:48 | Crear | Unit 1944 |
| 20:48 | Crear | Unit 1944 |
| 21:16 | Crear | Villager (Male) |
| 21:18 | Construir | Farm |
| 21:20 | Construir | Farm |
| 21:21 | Construir | Farm |
| 21:27 | Crear | Villager (Male) |
| 21:27 | Crear | Villager (Male) |
| 21:59 | Crear | Scorpion |
| 21:59 | Crear | Scorpion |
| 22:00 | Crear | Villager (Male) |
| 22:00 | Crear | Villager (Male) |
| 22:14 | Crear | Unit 1944 |
| 22:14 | Crear | Unit 1944 |
| 22:51 | Crear | Mangonel |
| 22:51 | Crear | Scorpion |
| 22:56 | Investigar | Husbandry |
| 22:56 | Crear | Unit 1944 |
| 23:25 | Construir | Farm |
| 23:28 | Construir | Farm |
| 23:31 | Crear | Unit 1944 |
| 23:31 | Crear | Unit 1944 |
| 23:53 | Crear | Villager (Male) |
| 23:54 | Crear | Villager (Male) |
| 24:11 | Crear | Unit 1944 |
| 24:22 | Crear | Villager (Male) |
| 24:22 | Crear | Villager (Male) |
| 24:29 | Construir | House |
| 24:30 | Construir | House |
| 24:32 | Construir | House |
| 24:33 | Construir | House |
| 24:47 | Crear | Unit 1944 |
| 24:48 | Crear | Unit 1944 |
| 25:39 | Crear | Villager (Male) |
| 25:40 | Crear | Unit 1944 |
| 25:41 | Crear | Unit 1944 |
| 25:41 | Crear | Unit 1944 |
| 26:17 | Crear | Villager (Male) |
| 26:17 | Crear | Villager (Male) |
| 26:17 | Crear | Villager (Male) |
| 26:17 | Crear | Villager (Male) |
| 26:18 | Crear | Villager (Male) |
| 26:30 | Construir | House |
| 26:31 | Construir | Farm |
| 26:32 | Construir | Farm |
| 26:34 | Crear | Villager (Male) |
| 26:43 | Construir | Town Center |
| 26:47 | Crear | Villager (Male) |
| 27:21 | Crear | Unit 1944 |
| 27:21 | Crear | Unit 1944 |
| 27:21 | Crear | Unit 1944 |
| 27:22 | Crear | Villager (Male) |
| 27:22 | Crear | Villager (Male) |
| 27:23 | Crear | Villager (Male) |
| 27:24 | Construir | Farm |
| 27:29 | Construir | Farm |
| 27:30 | Construir | Farm |
| 27:31 | Construir | Farm |
| 27:32 | Construir | Farm |
| 27:34 | Crear | Villager (Male) |
| 28:03 | Crear | Villager (Male) |
| 28:44 | Crear | Villager (Male) |
| 28:48 | Construir | Farm |
| 28:49 | Crear | Villager (Male) |
| 28:54 | Construir | Farm |
| 28:56 | Construir | Farm |
| 28:56 | Construir | Farm |
| 28:58 | Construir | Farm |
Build order — Louisianamal
Primeras 150 de 407 acciones detectadas
| 0:14 | Construir | Town Center |
| 0:21 | Construir | House |
| 0:27 | Construir | House |
| 2:49 | Crear | Villager (Male) |
| 2:49 | Crear | Villager (Male) |
| 2:49 | Crear | Villager (Male) |
| 2:50 | Crear | Villager (Male) |
| 3:48 | Crear | Villager (Male) |
| 4:34 | Construir | House |
| 4:34 | Construir | House |
| 5:07 | Crear | Villager (Male) |
| 5:07 | Crear | Villager (Male) |
| 5:07 | Crear | Villager (Male) |
| 5:07 | Crear | Villager (Male) |
| 5:07 | Crear | Villager (Male) |
| 5:40 | Construir | Lumber Camp |
| 5:48 | Crear | Villager (Male) |
| 5:48 | Crear | Villager (Male) |
| 5:48 | Crear | Villager (Male) |
| 6:43 | Crear | Villager (Male) |
| 6:43 | Crear | Villager (Male) |
| 6:43 | Crear | Villager (Male) |
| 7:08 | Crear | Villager (Male) |
| 7:08 | Crear | Villager (Male) |
| 7:09 | Crear | Villager (Male) |
| 8:18 | Crear | Villager (Male) |
| 8:18 | Crear | Villager (Male) |
| 8:18 | Crear | Villager (Male) |
| 8:42 | Crear | Villager (Male) |
| 8:42 | Crear | Villager (Male) |
| 8:42 | Crear | Villager (Male) |
| 8:54 | Construir | Mill |
| 9:53 | Crear | Villager (Male) |
| 9:53 | Crear | Villager (Male) |
| 9:53 | Crear | Villager (Male) |
| 10:13 | Investigar | Loom |
| 10:15 | Investigar | Feudal Age |
| 10:26 | Construir | House |
| 10:31 | Construir | Palisade Wall |
| 11:12 | Construir | Barracks |
| 12:36 | Crear | Villager (Male) |
| 12:36 | Crear | Villager (Male) |
| 12:48 | Edad | Edad Feudal |
| 13:02 | Construir | Mining Camp |
| 13:22 | Construir | Market |
| 13:33 | Crear | Villager (Male) |
| 13:33 | Crear | Villager (Male) |
| 13:33 | Crear | Villager (Male) |
| 13:49 | Construir | Blacksmith |
| 13:54 | Construir | House |
| 14:15 | Construir | House |
| 14:16 | Construir | House |
| 14:58 | Crear | Villager (Male) |
| 14:58 | Crear | Villager (Male) |
| 14:58 | Crear | Villager (Male) |
| 15:31 | Investigar | Castle Age |
| 16:05 | Construir | House |
| 16:20 | Construir | Palisade Wall |
| 16:57 | Construir | Archery Range |
| 17:00 | Construir | Archery Range |
| 17:17 | Investigar | Fletching |
| 18:28 | Edad | Edad de los Castillos |
| 18:32 | Construir | Town Center |
| 18:45 | Construir | Town Center |
| 18:51 | Crear | Villager (Male) |
| 18:52 | Crear | Villager (Male) |
| 18:52 | Crear | Villager (Male) |
| 18:57 | Investigar | Wheelbarrow |
| 19:18 | Investigar | Double-Bit Axe |
| 19:36 | Crear | Villager (Male) |
| 19:37 | Crear | Villager (Male) |
| 19:37 | Crear | Villager (Male) |
| 19:54 | Investigar | Bow Saw |
| 20:01 | Crear | Villager (Male) |
| 20:01 | Crear | Villager (Male) |
| 20:24 | Crear | Cavalry Archer |
| 20:24 | Crear | Cavalry Archer |
| 20:24 | Crear | Cavalry Archer |
| 20:25 | Crear | Cavalry Archer |
| 20:25 | Crear | Cavalry Archer |
| 20:36 | Crear | Villager (Male) |
| 20:37 | Crear | Villager (Male) |
| 20:50 | Investigar | Horse Collar |
| 21:03 | Construir | Stable |
| 21:19 | Construir | Farm |
| 21:20 | Construir | Farm |
| 21:20 | Construir | Farm |
| 21:27 | Construir | Farm |
| 21:31 | Construir | Farm |
| 21:43 | Crear | Villager (Male) |
| 21:43 | Crear | Villager (Male) |
| 21:53 | Construir | Siege Workshop |
| 22:17 | Crear | Villager (Male) |
| 22:29 | Crear | Cavalry Archer |
| 22:29 | Crear | Cavalry Archer |
| 22:29 | Crear | Cavalry Archer |
| 22:30 | Crear | Cavalry Archer |
| 22:31 | Crear | Villager (Male) |
| 23:08 | Crear | Villager (Male) |
| 23:15 | Crear | Battering Ram |
| 23:26 | Crear | Battering Ram |
| 23:26 | Crear | Battering Ram |
| 23:34 | Crear | Cavalry Archer |
| 23:34 | Crear | Cavalry Archer |
| 23:43 | Construir | University |
| 25:15 | Crear | Cavalry Archer |
| 25:15 | Crear | Cavalry Archer |
| 25:15 | Crear | Cavalry Archer |
| 25:15 | Crear | Cavalry Archer |
| 25:16 | Crear | Cavalry Archer |
| 25:16 | Crear | Cavalry Archer |
| 25:16 | Crear | Cavalry Archer |
| 25:16 | Crear | Cavalry Archer |
| 25:19 | Crear | Villager (Male) |
| 25:19 | Crear | Villager (Male) |
| 25:20 | Crear | Villager (Male) |
| 25:24 | Crear | Cavalry Archer |
| 25:24 | Crear | Cavalry Archer |
| 25:59 | Crear | Cavalry Archer |
| 26:00 | Crear | Cavalry Archer |
| 26:00 | Crear | Cavalry Archer |
| 27:12 | Crear | Cavalry Archer |
| 27:12 | Crear | Cavalry Archer |
| 27:12 | Crear | Cavalry Archer |
| 27:13 | Crear | Cavalry Archer |
| 27:13 | Crear | Cavalry Archer |
| 27:13 | Crear | Cavalry Archer |
| 27:13 | Crear | Cavalry Archer |
| 27:53 | Crear | Cavalry Archer |
| 27:53 | Crear | Cavalry Archer |
| 27:54 | Crear | Cavalry Archer |
| 28:17 | Construir | Stable |
| 28:22 | Construir | Siege Workshop |
| 28:32 | Construir | House |
| 28:33 | Construir | House |
| 28:33 | Construir | House |
| 28:33 | Construir | House |
| 28:33 | Construir | House |
| 28:39 | Investigar | Bodkin Arrow |
| 29:13 | Investigar | Bloodlines |
| 29:24 | Investigar | Husbandry |
| 29:29 | Crear | Battering Ram |
| 29:29 | Crear | Battering Ram |
| 29:29 | Crear | Battering Ram |
| 29:29 | Crear | Battering Ram |
| 29:29 | Crear | Battering Ram |
| 30:01 | Construir | House |
| 30:01 | Construir | House |
| 30:27 | Construir | Archery Range |
| 30:29 | Construir | Archery Range |
Build order — hailou hilou
Primeras 150 de 567 acciones detectadas
| 1:21 | Construir | Town Center |
| 3:09 | Construir | House |
| 3:23 | Crear | Villager (Male) |
| 3:23 | Crear | Villager (Male) |
| 3:23 | Crear | Villager (Male) |
| 3:24 | Crear | Villager (Male) |
| 3:24 | Crear | Villager (Male) |
| 4:35 | Crear | Villager (Male) |
| 5:22 | Construir | Lumber Camp |
| 5:25 | Crear | Villager (Male) |
| 5:26 | Crear | Villager (Male) |
| 5:41 | Construir | House |
| 5:43 | Crear | Villager (Male) |
| 6:12 | Crear | Villager (Male) |
| 6:12 | Crear | Villager (Male) |
| 6:13 | Crear | Villager (Male) |
| 6:38 | Crear | Villager (Male) |
| 6:48 | Construir | House |
| 6:57 | Construir | House |
| 7:06 | Crear | Villager (Male) |
| 7:06 | Crear | Villager (Male) |
| 7:13 | Construir | House |
| 7:28 | Crear | Villager (Male) |
| 8:28 | Construir | Mill |
| 8:44 | Crear | Villager (Male) |
| 8:44 | Crear | Villager (Male) |
| 8:45 | Crear | Villager (Male) |
| 9:07 | Crear | Villager (Male) |
| 9:15 | Construir | House |
| 9:17 | Crear | Villager (Male) |
| 9:47 | Construir | House |
| 10:25 | Crear | Villager (Male) |
| 10:25 | Crear | Villager (Male) |
| 10:39 | Construir | Palisade Wall |
| 10:42 | Construir | Palisade Wall |
| 10:56 | Construir | Mining Camp |
| 10:58 | Crear | Villager (Male) |
| 11:04 | Construir | House |
| 11:12 | Crear | Villager (Male) |
| 11:25 | Construir | Palisade Wall |
| 11:37 | Construir | Palisade Wall |
| 11:39 | Construir | Palisade Wall |
| 11:59 | Crear | Villager (Male) |
| 12:03 | Construir | Palisade Gate |
| 12:26 | Investigar | Feudal Age |
| 12:27 | Investigar | Feudal Age |
| 12:28 | Investigar | Loom |
| 12:32 | Construir | Barracks |
| 12:49 | Construir | Palisade Wall |
| 12:51 | Construir | Palisade Wall |
| 12:54 | Construir | Palisade Wall |
| 14:08 | Crear | Villager (Male) |
| 14:11 | Construir | House |
| 14:40 | Edad | Edad Feudal |
| 14:42 | Crear | Villager (Male) |
| 14:47 | Construir | Market |
| 14:48 | Construir | Blacksmith |
| 15:01 | Investigar | Double-Bit Axe |
| 15:15 | Construir | Palisade Wall |
| 15:55 | Crear | Villager (Male) |
| 16:01 | Construir | House |
| 16:18 | Investigar | Castle Age |
| 16:18 | Investigar | Castle Age |
| 16:43 | Construir | Stable |
| 16:45 | Construir | Palisade Wall |
| 16:47 | Construir | Palisade Wall |
| 16:49 | Construir | Palisade Gate |
| 17:38 | Investigar | Forging |
| 18:01 | Crear | Spearman |
| 18:01 | Crear | Spearman |
| 18:24 | Crear | Spearman |
| 18:27 | Crear | Scout Cavalry |
| 18:27 | Crear | Scout Cavalry |
| 19:00 | Edad | Edad de los Castillos |
| 19:03 | Investigar | Bow Saw |
| 19:05 | Construir | Town Center |
| 19:09 | Construir | House |
| 19:13 | Crear | Militia |
| 19:27 | Crear | Villager (Male) |
| 19:27 | Crear | Villager (Male) |
| 19:36 | Crear | Knight |
| 19:51 | Crear | Villager (Male) |
| 19:59 | Construir | Farm |
| 20:16 | Crear | Villager (Male) |
| 20:17 | Crear | Villager (Male) |
| 20:20 | Crear | Knight |
| 20:27 | Construir | Mill |
| 20:54 | Crear | Villager (Male) |
| 20:54 | Crear | Villager (Male) |
| 21:11 | Construir | Farm |
| 21:12 | Construir | Farm |
| 21:13 | Construir | Farm |
| 21:15 | Crear | Villager (Male) |
| 21:16 | Crear | Villager (Male) |
| 21:19 | Construir | Farm |
| 21:20 | Construir | Farm |
| 21:23 | Crear | Villager (Male) |
| 21:28 | Construir | Farm |
| 21:33 | Construir | Farm |
| 21:34 | Crear | Villager (Male) |
| 21:44 | Crear | Villager (Male) |
| 21:44 | Crear | Villager (Male) |
| 21:49 | Crear | Villager (Male) |
| 21:53 | Construir | Farm |
| 21:59 | Construir | Farm |
| 22:02 | Crear | Knight |
| 22:08 | Crear | Villager (Male) |
| 22:08 | Crear | Villager (Male) |
| 22:16 | Crear | Villager (Male) |
| 22:16 | Crear | Villager (Male) |
| 22:26 | Crear | Villager (Male) |
| 22:39 | Crear | Villager (Male) |
| 22:50 | Crear | Villager (Male) |
| 22:59 | Construir | Farm |
| 23:00 | Construir | Farm |
| 23:05 | Construir | Farm |
| 23:05 | Construir | Farm |
| 23:07 | Construir | House |
| 23:20 | Crear | Villager (Male) |
| 23:22 | Investigar | Horse Collar |
| 23:36 | Construir | House |
| 23:43 | Construir | House |
| 23:48 | Crear | Villager (Male) |
| 23:49 | Crear | Villager (Male) |
| 23:56 | Investigar | Man-at-Arms (upgrade) |
| 24:14 | Crear | Villager (Male) |
| 24:14 | Crear | Villager (Male) |
| 24:16 | Crear | Knight |
| 24:38 | Construir | Town Center |
| 24:41 | Crear | Villager (Male) |
| 24:41 | Crear | Villager (Male) |
| 24:44 | Construir | Mill |
| 24:46 | Crear | Knight |
| 25:03 | Crear | Villager (Male) |
| 25:03 | Crear | Villager (Male) |
| 25:04 | Crear | Villager (Male) |
| 25:20 | Crear | Knight |
| 25:34 | Crear | Knight |
| 25:47 | Construir | Farm |
| 25:47 | Construir | Farm |
| 25:48 | Construir | Farm |
| 25:51 | Construir | Stable |
| 25:54 | Investigar | Scale Barding Armor |
| 25:55 | Crear | Villager (Male) |
| 25:56 | Crear | Villager (Male) |
| 26:09 | Crear | Villager (Male) |
| 26:09 | Crear | Villager (Male) |
| 26:19 | Crear | Villager (Male) |
| 26:19 | Crear | Villager (Male) |
| 26:33 | Crear | Villager (Male) |
Build order — Titan
Primeras 150 de 409 acciones detectadas
| 1:30 | Construir | Town Center |
| 2:24 | Construir | House |
| 3:25 | Construir | House |
| 3:30 | Crear | Villager (Male) |
| 3:31 | Crear | Villager (Male) |
| 3:31 | Crear | Villager (Male) |
| 3:31 | Crear | Villager (Male) |
| 3:31 | Crear | Villager (Male) |
| 4:39 | Construir | House |
| 5:06 | Crear | Villager (Male) |
| 5:07 | Crear | Villager (Male) |
| 5:18 | Crear | Villager (Male) |
| 5:18 | Crear | Villager (Male) |
| 5:38 | Investigar | Loom |
| 5:41 | Construir | House |
| 6:10 | Construir | Lumber Camp |
| 6:25 | Crear | Villager (Male) |
| 6:25 | Crear | Villager (Male) |
| 6:26 | Crear | Villager (Male) |
| 6:26 | Crear | Villager (Male) |
| 7:05 | Crear | Villager (Male) |
| 7:05 | Crear | Villager (Male) |
| 7:05 | Crear | Villager (Male) |
| 7:32 | Crear | Villager (Male) |
| 7:32 | Crear | Villager (Male) |
| 7:33 | Crear | Villager (Male) |
| 8:05 | Construir | House |
| 8:07 | Crear | Villager (Male) |
| 8:07 | Crear | Villager (Male) |
| 8:07 | Crear | Villager (Male) |
| 8:36 | Construir | House |
| 8:40 | Construir | Palisade Wall |
| 8:46 | Construir | Palisade Wall |
| 9:11 | Crear | Villager (Male) |
| 9:12 | Crear | Villager (Male) |
| 9:12 | Crear | Villager (Male) |
| 9:12 | Crear | Villager (Male) |
| 9:12 | Crear | Villager (Male) |
| 9:33 | Construir | Palisade Wall |
| 9:34 | Crear | Villager (Male) |
| 9:35 | Crear | Villager (Male) |
| 9:53 | Construir | House |
| 11:05 | Construir | Mining Camp |
| 11:22 | Crear | Villager (Male) |
| 11:30 | Crear | Villager (Male) |
| 11:55 | Construir | Barracks |
| 12:02 | Crear | Villager (Male) |
| 12:22 | Crear | Villager (Male) |
| 12:39 | Construir | Mill |
| 12:45 | Investigar | Feudal Age |
| 13:00 | Construir | House |
| 13:19 | Construir | House |
| 13:38 | Construir | House |
| 14:08 | Construir | Outpost |
| 14:16 | Construir | Outpost |
| 14:22 | Crear | Villager (Male) |
| 14:22 | Crear | Villager (Male) |
| 14:27 | Construir | Outpost |
| 14:31 | Construir | House |
| 15:16 | Edad | Edad Feudal |
| 15:19 | Construir | Archery Range |
| 15:21 | Crear | Spearman |
| 15:21 | Crear | Spearman |
| 15:26 | Investigar | Town Watch |
| 15:30 | Investigar | Double-Bit Axe |
| 15:30 | Investigar | Double-Bit Axe |
| 15:47 | Crear | Archer |
| 15:47 | Crear | Archer |
| 16:07 | Crear | Archer |
| 16:09 | Crear | Spearman |
| 16:28 | Crear | Villager (Male) |
| 16:34 | Crear | Archer |
| 16:50 | Crear | Villager (Male) |
| 16:56 | Crear | Archer |
| 17:14 | Construir | Outpost |
| 17:18 | Crear | Villager (Male) |
| 17:27 | Crear | Villager (Male) ×5 |
| 17:30 | Construir | Blacksmith |
| 17:42 | Investigar | Horse Collar |
| 17:42 | Investigar | Horse Collar |
| 17:53 | Investigar | Castle Age |
| 17:53 | Investigar | Castle Age |
| 17:54 | Investigar | Castle Age |
| 18:11 | Crear | Archer |
| 18:12 | Crear | Archer |
| 18:22 | Crear | Villager (Male) ×3 |
| 18:31 | Construir | Farm |
| 18:33 | Construir | Farm |
| 18:39 | Construir | Farm |
| 18:47 | Investigar | Fletching |
| 18:47 | Investigar | Fletching |
| 18:58 | Crear | Archer |
| 18:58 | Crear | Archer |
| 19:27 | Crear | Villager (Male) ×4 |
| 19:27 | Crear | Villager (Male) ×4 |
| 19:41 | Crear | Archer ×2 |
| 19:41 | Crear | Archer ×2 |
| 19:59 | Investigar | Wheelbarrow |
| 20:03 | Crear | Spearman |
| 20:03 | Crear | Spearman |
| 20:09 | Construir | Gate |
| 20:11 | Construir | House |
| 20:13 | Construir | House |
| 20:15 | Construir | House |
| 20:19 | Construir | House |
| 20:28 | Construir | House |
| 20:31 | Construir | House |
| 20:33 | Construir | House |
| 20:33 | Edad | Edad de los Castillos |
| 20:43 | Investigar | Pikeman (upgrade) |
| 21:00 | Construir | Town Center |
| 21:25 | Crear | Villager (Male) ×3 |
| 21:25 | Crear | Villager (Male) ×3 |
| 21:39 | Crear | Spearman |
| 21:39 | Crear | Spearman |
| 21:41 | Construir | House |
| 22:00 | Crear | Villager (Male) |
| 22:00 | Crear | Villager (Male) |
| 22:22 | Construir | Farm |
| 22:23 | Construir | Farm |
| 22:23 | Crear | Villager (Male) |
| 22:24 | Crear | Villager (Male) |
| 22:40 | Construir | House |
| 22:42 | Construir | Stone Wall |
| 22:44 | Construir | House |
| 22:46 | Construir | Stone Wall |
| 22:57 | Construir | Farm |
| 23:02 | Construir | Farm |
| 23:09 | Construir | House |
| 23:13 | Construir | House |
| 23:18 | Crear | Archer |
| 23:18 | Crear | Archer |
| 23:35 | Construir | Farm |
| 24:00 | Crear | Villager (Male) |
| 24:00 | Crear | Villager (Male) |
| 24:19 | Crear | Archer |
| 24:19 | Crear | Archer |
| 24:28 | Construir | Farm |
| 24:30 | Crear | Villager (Male) |
| 24:30 | Crear | Villager (Male) |
| 25:01 | Construir | Town Center |
| 25:15 | Crear | Villager (Male) |
| 25:15 | Crear | Villager (Male) |
| 25:55 | Crear | Villager (Male) |
| 25:55 | Crear | Villager (Male) |
| 26:29 | Crear | Villager (Male) |
| 26:30 | Crear | Villager (Male) |
| 26:36 | Construir | Mill |
| 26:46 | Construir | Town Center |
| 28:55 | Construir | Farm |
Build order — bowyeh
Primeras 150 de 435 acciones detectadas
| 0:52 | Construir | Town Center |
| 1:17 | Construir | House |
| 2:56 | Crear | Villager (Male) ×4 |
| 2:56 | Crear | Villager (Male) ×4 |
| 4:28 | Crear | Villager (Male) |
| 4:49 | Construir | Lumber Camp |
| 4:54 | Crear | Villager (Male) ×2 |
| 5:04 | Crear | Villager (Male) |
| 5:32 | Crear | Villager (Male) |
| 5:43 | Crear | Villager (Male) |
| 5:56 | Construir | House |
| 6:02 | Investigar | Loom |
| 6:08 | Crear | Villager (Male) ×4 |
| 6:47 | Crear | Villager (Male) |
| 7:39 | Construir | Mill |
| 8:30 | Crear | Villager (Male) |
| 8:37 | Construir | House |
| 9:04 | Crear | Villager (Male) |
| 9:55 | Crear | Villager (Male) |
| 10:18 | Investigar | Feudal Age |
| 10:49 | Construir | Barracks |
| 11:37 | Crear | Villager (Male) |
| 11:38 | Crear | Villager (Male) |
| 11:40 | Construir | House |
| 12:30 | Edad | Edad Feudal |
| 12:41 | Construir | Stable |
| 13:02 | Crear | Villager (Male) |
| 13:28 | Crear | Scout Cavalry |
| 13:28 | Crear | Scout Cavalry |
| 13:38 | Construir | Blacksmith |
| 13:44 | Crear | Villager (Male) |
| 13:53 | Construir | House |
| 14:35 | Crear | Scout Cavalry |
| 14:35 | Crear | Villager (Male) ×5 |
| 14:53 | Crear | Scout Cavalry |
| 15:21 | Crear | Villager (Male) ×5 |
| 15:22 | Crear | Scout Cavalry ×4 |
| 15:40 | Crear | Scout Cavalry |
| 15:55 | Construir | House |
| 16:07 | Crear | Villager (Male) ×2 |
| 16:12 | Construir | Mill |
| 16:18 | Construir | Farm |
| 17:00 | Construir | House |
| 17:13 | Investigar | Forging |
| 17:32 | Construir | Mill |
| 18:52 | Crear | Villager (Male) ×5 |
| 19:09 | Crear | Villager (Male) ×5 |
| 19:10 | Construir | House |
| 19:14 | Construir | Lumber Camp |
| 20:35 | Construir | Mining Camp |
| 21:18 | Crear | Villager (Male) |
| 21:18 | Crear | Villager (Male) |
| 21:19 | Investigar | Gold Mining |
| 21:24 | Crear | Scout Cavalry |
| 21:24 | Crear | Scout Cavalry |
| 21:24 | Crear | Scout Cavalry |
| 21:47 | Construir | Mining Camp |
| 22:06 | Investigar | Castle Age |
| 22:06 | Investigar | Castle Age |
| 22:06 | Investigar | Castle Age |
| 22:20 | Construir | House |
| 22:54 | Investigar | Scale Barding Armor |
| 23:00 | Construir | House |
| 23:14 | Construir | Farm |
| 23:14 | Construir | Farm |
| 23:15 | Construir | Farm |
| 23:15 | Construir | Farm |
| 23:15 | Construir | Farm |
| 23:32 | Investigar | Stone Mining |
| 24:17 | Crear | Villager (Male) |
| 24:18 | Crear | Villager (Male) |
| 24:28 | Construir | Farm |
| 24:38 | Construir | Mill |
| 24:39 | Construir | Farm |
| 24:39 | Construir | Farm |
| 24:40 | Construir | Farm |
| 24:46 | Edad | Edad de los Castillos |
| 25:09 | Investigar | Bloodlines |
| 25:16 | Crear | Villager (Male) |
| 25:35 | Crear | Villager (Male) |
| 25:40 | Construir | Farm |
| 25:58 | Investigar | Chain Barding Armor |
| 26:29 | Crear | Villager (Male) |
| 26:29 | Crear | Villager (Male) |
| 26:30 | Crear | Villager (Male) |
| 26:37 | Construir | Castle |
| 26:47 | Crear | Battle Elephant |
| 27:18 | Construir | Palisade Wall |
| 27:22 | Construir | House |
| 27:24 | Construir | House |
| 27:30 | Construir | Palisade Wall |
| 27:37 | Crear | Battle Elephant |
| 27:37 | Crear | Battle Elephant |
| 27:48 | Crear | Villager (Male) |
| 27:52 | Construir | Farm |
| 27:52 | Construir | Farm |
| 27:53 | Construir | Farm |
| 27:53 | Construir | Farm |
| 27:53 | Construir | Farm |
| 27:59 | Construir | Town Center |
| 28:34 | Construir | House |
| 28:35 | Crear | Villager (Male) ×2 |
| 28:46 | Construir | Monastery |
| 28:52 | Investigar | Town Watch |
| 29:03 | Crear | Villager (Male) |
| 29:19 | Crear | Monk |
| 29:19 | Crear | Monk |
| 29:27 | Construir | Outpost |
| 29:35 | Crear | Villager (Male) ×3 |
| 29:42 | Construir | Farm |
| 29:46 | Construir | Farm |
| 29:47 | Crear | Villager (Male) |
| 30:05 | Construir | Siege Workshop |
| 30:17 | Investigar | Sanctity |
| 30:24 | Crear | Battering Ram |
| 30:24 | Crear | Battering Ram |
| 30:34 | Crear | Villager (Male) ×4 |
| 30:39 | Construir | Farm |
| 30:40 | Construir | Farm |
| 30:40 | Construir | Farm |
| 30:42 | Crear | Villager (Male) |
| 31:16 | Crear | Battering Ram |
| 31:17 | Crear | Villager (Male) ×3 |
| 31:25 | Crear | Villager (Male) |
| 32:25 | Crear | Villager (Male) ×5 |
| 32:33 | Crear | Villager (Male) ×3 |
| 32:35 | Crear | Arambai ×5 |
| 32:57 | Crear | Villager (Male) ×3 |
| 33:26 | Crear | Villager (Male) ×3 |
| 33:36 | Construir | Town Center |
| 33:54 | Crear | Monk |
| 33:54 | Crear | Monk |
| 33:56 | Crear | Villager (Male) ×3 |
| 33:58 | Crear | Arambai ×3 |
| 34:19 | Crear | Battering Ram |
| 34:19 | Crear | Battering Ram |
| 34:32 | Investigar | Husbandry |
| 34:35 | Crear | Villager (Male) ×2 |
| 34:40 | Construir | Farm |
| 34:43 | Construir | Farm |
| 34:44 | Construir | Farm |
| 34:45 | Construir | Farm |
| 34:45 | Construir | Farm |
| 34:45 | Construir | Farm |
| 34:45 | Construir | Farm |
| 34:46 | Construir | Farm |
| 34:46 | Construir | Farm |
| 34:52 | Construir | Farm |
| 35:23 | Crear | Battering Ram |
| 35:24 | Crear | Battering Ram |
Cronología de la partida
| 5:05 | SunK · wall_segment Palisade Wall x1 |
| 5:06 | SunK · wall_segment Palisade Wall x1 |
| 5:17 | SunK · wall_segment Palisade Wall x1 |
| 5:19 | SunK · wall_segment Palisade Wall x1 |
| 6:02 | SunK · wall_segment Palisade Wall x1 |
| 8:40 | Titan · wall_segment Palisade Wall x1 |
| 8:46 | Titan · wall_segment Palisade Wall x1 |
| 9:33 | Titan · wall_segment Palisade Wall x21 |
| 10:31 | Louisianamal · wall_segment Palisade Wall x6 |
| 10:39 | hailou hilou · wall_segment Palisade Wall x2 |
| 10:42 | hailou hilou · wall_segment Palisade Wall x1 |
| 10:49 | bowyeh · first_building Barracks |
| 11:12 | Louisianamal · first_building Barracks |
| 11:25 | hailou hilou · wall_segment Palisade Wall x4 |
| 11:25 | SunK · first_building Barracks |
| 11:37 | hailou hilou · wall_segment Palisade Wall x6 |
| 11:39 | hailou hilou · wall_segment Palisade Wall x4 |
| 11:55 | Titan · first_building Barracks |
| 12:17 | SunK · wall_segment Palisade Wall x1 |
| 12:18 | SunK · wall_segment Palisade Wall x1 |
| 12:20 | S.T.A.R.S. Wesker · wall_segment Palisade Wall x6 |
| 12:30 | bowyeh · age_up feudal |
| 12:32 | hailou hilou · first_building Barracks |
| 12:35 | 37581246 · first_building Barracks |
| 12:41 | bowyeh · first_building Stable |
| 12:48 | Louisianamal · age_up feudal |
| 12:49 | hailou hilou · wall_segment Palisade Wall x1 |
| 12:51 | hailou hilou · wall_segment Palisade Wall x6 |
| 12:54 | hailou hilou · wall_segment Palisade Wall x12 |
| 13:07 | SunK · age_up feudal |
| 13:08 | SunK · first_building Stable |
| 13:28 | S.T.A.R.S. Wesker · wall_segment Palisade Wall x3 |
| 13:34 | SunK · wall_segment Palisade Wall x1 |
| 13:35 | SunK · wall_segment Palisade Wall x1 |
| 13:54 | SunK · wall_segment Palisade Wall x1 |
| 13:56 | SunK · wall_segment Palisade Wall x1 |
| 14:02 | S.T.A.R.S. Wesker · wall_segment Palisade Wall x1 |
| 14:07 | SunK · wall_segment Palisade Wall x1 |
| 14:11 | S.T.A.R.S. Wesker · age_up feudal |
| 14:27 | 37581246 · age_up feudal |
| 14:30 | 37581246 · first_building Stable |
| 14:40 | hailou hilou · age_up feudal |
| 15:15 | hailou hilou · wall_segment Palisade Wall x1 |
| 15:16 | Titan · age_up feudal |
| 15:19 | Titan · first_building Archery Range |
| 15:23 | 貓的貢丸 · age_up feudal |
| 16:20 | Louisianamal · wall_segment Palisade Wall x3 |
| 16:43 | hailou hilou · first_building Stable |
| 16:45 | hailou hilou · wall_segment Palisade Wall x1 |
| 16:47 | hailou hilou · wall_segment Palisade Wall x4 |
| 16:57 | Louisianamal · first_building Archery Range |
| 16:58 | S.T.A.R.S. Wesker · first_building Barracks |
| 17:50 | 貓的貢丸 · first_building Barracks |
| 17:54 | 37581246 · age_up castle |
| 18:28 | Louisianamal · age_up castle |
| 18:30 | 37581246 · first_building Siege Workshop |
| 19:00 | hailou hilou · age_up castle |
| 19:17 | 貓的貢丸 · first_building Stable |
| 20:08 | 貓的貢丸 · age_up castle |
| 20:33 | Titan · age_up castle |
| 21:03 | Louisianamal · first_building Stable |
| 21:53 | Louisianamal · first_building Siege Workshop |
| 22:05 | SunK · first_market_sell 100 wood |
| 22:42 | Titan · wall_segment Stone Wall x1 |
| 22:46 | Titan · wall_segment Stone Wall x1 |
| 24:02 | hailou hilou · first_market_buy 100 wood |
| 24:46 | bowyeh · age_up castle |
| 24:59 | SunK · first_market_buy 100 stone |
| 25:02 | SunK · age_up castle |
| 26:37 | bowyeh · first_building Castle |
| 27:18 | bowyeh · wall_segment Palisade Wall x1 |
| 27:30 | bowyeh · wall_segment Palisade Wall x1 |
| 28:08 | Louisianamal · tribute_sent a jugador 1 |
| 28:08 | Louisianamal · tribute_sent a jugador 2 |
| 28:08 | Louisianamal · tribute_sent a jugador 3 |
| 28:08 | Louisianamal · tribute_sent a jugador 5 |
| 28:08 | Louisianamal · tribute_sent a jugador 6 |
| 28:08 | Louisianamal · tribute_sent a jugador 7 |
| 28:08 | Louisianamal · tribute_sent a jugador 8 |
| 28:46 | bowyeh · first_building Monastery |
| 29:11 | Titan · first_building Monastery |
| 29:29 | hailou hilou · first_market_sell 100 wood |
| 29:31 | S.T.A.R.S. Wesker · first_market_sell 100 wood |
| 29:37 | S.T.A.R.S. Wesker · first_market_buy 100 stone |
| 30:05 | bowyeh · first_building Siege Workshop |
| 30:55 | 貓的貢丸 · first_building Castle |
| 31:49 | hailou hilou · first_building Monastery |
| 36:15 | 貓的貢丸 · first_building Archery Range |
| 37:29 | hailou hilou · first_building Castle |
| 37:44 | hailou hilou · first_building Archery Range |
| 37:50 | Louisianamal · first_building Castle |
| 37:56 | 37581246 · first_building Castle |
| 39:32 | 37581246 · first_market_sell 100 food |
| 40:24 | 貓的貢丸 · age_up imperial |
| 41:39 | SunK · first_building Monastery |
| 41:56 | Titan · first_building Castle |
| 42:04 | SunK · tribute_sent a jugador 1 |
| 42:04 | SunK · tribute_sent a jugador 3 |
| 42:04 | SunK · tribute_sent a jugador 4 |
| 42:04 | SunK · tribute_sent a jugador 5 |
| 42:04 | SunK · tribute_sent a jugador 6 |
| 42:04 | SunK · tribute_sent a jugador 7 |
| 42:04 | SunK · tribute_sent a jugador 8 |
| 42:49 | 37581246 · age_up imperial |
| 43:25 | bowyeh · age_up imperial |
| 44:15 | Titan · first_market_buy 100 food |
| 44:19 | bowyeh · first_market_buy 100 stone |
| 44:36 | hailou hilou · age_up imperial |
| 45:33 | SunK · age_up imperial |
| 45:59 | S.T.A.R.S. Wesker · age_up castle |
| 46:44 | Titan · wall_segment Stone Wall x1 |
| 46:50 | Titan · wall_segment Stone Wall x1 |
| 46:56 | bowyeh · first_market_sell 100 wood |
| 47:35 | hailou hilou · tribute_sent a jugador 1 |
| 47:35 | hailou hilou · tribute_sent a jugador 2 |
| 47:35 | hailou hilou · tribute_sent a jugador 3 |
| 47:35 | hailou hilou · tribute_sent a jugador 4 |
| 47:35 | hailou hilou · tribute_sent a jugador 6 |
| 47:35 | hailou hilou · tribute_sent a jugador 7 |
| 47:35 | hailou hilou · tribute_sent a jugador 8 |
| 50:57 | 貓的貢丸 · first_market_sell 500 wood |
| 50:58 | 貓的貢丸 · first_market_buy 100 food |
| 52:00 | bowyeh · wall_segment Stone Wall x17 |
| 52:17 | hailou hilou · tribute_sent a jugador 1 |
| 52:17 | hailou hilou · tribute_sent a jugador 2 |
| 52:17 | hailou hilou · tribute_sent a jugador 3 |
| 52:17 | hailou hilou · tribute_sent a jugador 4 |
| 52:17 | hailou hilou · tribute_sent a jugador 6 |
| 52:17 | hailou hilou · tribute_sent a jugador 7 |
| 52:17 | hailou hilou · tribute_sent a jugador 8 |
| 52:35 | S.T.A.R.S. Wesker · first_building Castle |
| 57:05 | bowyeh · tribute_sent a jugador 1 |
| 57:05 | bowyeh · tribute_sent a jugador 2 |
| 57:05 | bowyeh · tribute_sent a jugador 3 |
| 57:05 | bowyeh · tribute_sent a jugador 4 |
| 57:05 | bowyeh · tribute_sent a jugador 5 |
| 57:05 | bowyeh · tribute_sent a jugador 6 |
| 57:05 | bowyeh · tribute_sent a jugador 7 |
| 57:07 | Louisianamal · age_up imperial |
| 58:05 | S.T.A.R.S. Wesker · age_up imperial |
| 59:10 | hailou hilou · tribute_sent a jugador 1 |
| 59:10 | hailou hilou · tribute_sent a jugador 2 |
| 59:10 | hailou hilou · tribute_sent a jugador 3 |
| 59:10 | hailou hilou · tribute_sent a jugador 4 |
| 59:10 | hailou hilou · tribute_sent a jugador 6 |
| 59:10 | hailou hilou · tribute_sent a jugador 7 |
| 59:10 | hailou hilou · tribute_sent a jugador 8 |
| 60:20 | 貓的貢丸 · first_building Monastery |
| 60:32 | hailou hilou · tribute_sent a jugador 1 |
| 60:32 | hailou hilou · tribute_sent a jugador 2 |
| 60:32 | hailou hilou · tribute_sent a jugador 3 |
| 60:32 | hailou hilou · tribute_sent a jugador 4 |
| 60:32 | hailou hilou · tribute_sent a jugador 6 |
| 60:32 | hailou hilou · tribute_sent a jugador 7 |
| 60:32 | hailou hilou · tribute_sent a jugador 8 |
| 60:47 | Titan · resign |
[ ANÁLISIS IA · 1 CRÉDITO ]
¿Qué pasó realmente en esta partida?
Wolo.gg analiza cada decisión: build order, eco, micro, errores típicos por bracket. Análisis personalizado por WhatsApp o Discord en 30 segundos.
Guía civ
Teutones
Perfil
Jugador #20152358